 Dungeon Crawl Stone Soup version 0.19-a0-46-g8690a2b (console) character file.

56 swinepaste the Firebug (level 3, 0/19 HPs)
             Began as a Deep Elf Fire Elementalist on May 6, 2016.
             Succumbed to an adder's poison
             ... on level 2 of the Dungeon.
             The game lasted 00:03:24 (975 turns).

swinepaste the Firebug (Deep Elf Fire Elementalist)  Turns: 975, Time: 00:03:25

Health: 0/19       AC:  2    Str:  5    XL:     3   Next: 69%
Magic:  1/9        EV: 13    Int: 20    God:
Gold:   44         SH:  0    Dex: 15    Spells: 3 memorised, 2 levels left

rFire  . . .     SeeInvis .     a - +0 spear (venom)
rCold  . . .     Gourm    .     k - +0 robe
rNeg   . . .     Faith    .     (no shield)
rPois  .         Spirit   .     (no helmet)
rElec  .         Dismiss  .     (no cloak)
rCorr  .         Reflect  .     (no gloves)
SustAt .         Harm     .     (no boots)
MR     .....                    (no amulet)
Stlth  ++........               (no ring)
                                (no ring)

@: lethally poisoned (0 -> -3), not resistant to hostile enchantments,
unstealthy
A: no striking features
a: no special abilities


You were on level 2 of the Dungeon.
You were hungry.

You visited 1 branch of the dungeon, and saw 2 of its levels.

You collected 44 gold pieces.

Inventory:

Hand Weapons
 a - a +0 spear of venom (weapon)
 i - a +0 short sword
Armour
 k - a +0 robe (worn)
Scrolls
 d - 3 scrolls of remove curse {unknown}
 f - 3 scrolls of identify {unknown}
 g - a scroll of blinking {unknown}
 l - a scroll of immolation {unknown}
Books
 b - a book of Flames

   Spells                             Type                      Level
   a - Flame Tongue                   Conjuration/Fire             1
   b - Throw Flame                    Conjuration/Fire             2
   c - Conjure Flame                  Conjuration/Fire             3
   d - Inner Flame                    Hexes/Fire                   3
   e - Sticky Flame                   Conjuration/Fire             4
   f - Fireball                       Conjuration/Fire             5
Comestibles
 c - 4 bread rations
 h - a beef jerky
 j - a chunk of flesh


   Skills:
 - Level 2.4 Dodging
 - Level 2.4 Stealth
 - Level 3.0 Spellcasting
 + Level 2.8 Conjurations
 + Level 4.3 Fire Magic


You had 2 spell levels left.
You knew the following spells:

 Your Spells              Type           Power        Failure   Level  Hunger
c - Conjure Flame         Conj/Fire      ###.....     12%         3    ###....
f - Flame Tongue          Conj/Fire      ###..        3%          1    None
t - Throw Flame           Conj/Fire      ###...       6%          2    ##.....


Dungeon Overview and Level Annotations

Branches:
Dungeon (2/15)

Altars:


Message History

You feel sick. The adder bites you.
You closely miss the adder.
The adder is severely wounded.
You feel sick. The adder completely misses you. The adder misses you.
You miss the adder.
The adder is severely wounded.
The adder bites you.
* * * LOW HITPOINT WARNING * * *
Drink which item? (? for menu, Esc to quit)
It was a potion of cancellation.
You feel magically purged. The adder bites you but does no damage.
The adder closely misses you.
* * * LOW HITPOINT WARNING * * *
You feel sick. The adder closely misses you. The adder misses you.
* * * LOW HITPOINT WARNING * * *
You feel sick. The adder barely misses you. The adder closely misses you.
The adder closely misses you.
Unknown command.
Unknown command.
You die...

#..†## #.# ### #..... #.#
..# #....# #.###.##
#....# #.#....
#....######.#.#.######
#.......).#.#.#......#
#..#.............(...#
#....(<...#.#...........#
#..[...S.e#............##
#.[######.#..............
#.. ........##########.
#.# ###.#.#.# #. #.#.#.#
#.#.#.# #.# #.# #.. #.#
#.#


You could see an adder.

Vanquished Creatures
  An adder (D:2)
  A gnoll (D:1)
  An ooze (D:1)
  A dart slug (D:1)
  2 giant cockroaches
  3 goblins (D:1)
  7 hobgoblins (D:1)
  4 jackals (D:1)
  3 bats (D:1)
  4 kobolds
  3 rats (D:1)
30 creatures vanquished.

Notes
Turn   | Place    | Note
--------------------------------------------------------------
     0 | D:1      | swinepaste the Deep Elf Fire Elementalist began the quest for the Orb.
     0 | D:1      | Reached XP level 1. HP: 10/10 MP: 6/6
   230 | D:1      | Reached XP level 2. HP: 13/15 MP: 2/8
   269 | D:1      | Learned a level 2 spell: Throw Flame
   320 | D:1      | Reached skill level 4 in Fire Magic
   440 | D:1      | Reached XP level 3. HP: 13/19 MP: 5/9
   445 | D:1      | Learned a level 3 spell: Conjure Flame
   975 | D:2      | Succumbed to an adder's poison

Vault maps used:
D:1:      dpeg_arrival_stonehenge_8_columns, st_stairs_4
D:2:      lemuel_upstairs_altar, first_bread

Skill      XL: |  1  2 |
---------------+-------+-----
Conjurations   | 2 |  2.8
Fire Magic     | 4 |  4.3
Dodging        | |  2.4
Stealth        | |  2.4
Spellcasting   | |  3.0

Action                   || total
-------------------------++-------
Melee: Short sword       ||     2
       Spear             ||    17
 Cast: Flame Tongue      ||    39
       Throw Flame       ||    14
  Use: Potion            ||     1
Armor: Robe              ||     3
Dodge: Dodged            ||    36
